 Dungeon Crawl Stone Soup version 0.21.1-1-g345015fe64 (webtiles) character file.

119737 Peloso the Peltast (level 16, -9/149 HPs)
             Began as a Minotaur Fighter on July 9, 2018.
             Was the Champion of Okawaru.
             Mangled by an alligator (13 damage)
             ... led by an alligator
             ... on level 2 of the Lair of Beasts.
             The game lasted 01:30:57 (30772 turns).

Peloso the Peltast (Minotaur Fighter)              Turns: 30772, Time: 01:30:58

Health: -9/149     AC: 26    Str: 33    XL:     16   Next: 28%
Magic:  0/15       EV: 11    Int:  5    God:    Okawaru [******]
Gold:   2309       SH: 19    Dex: 16    Spells: 15/15 levels left

rFire    x . .     SeeInvis .   i - +3 scimitar (flame)
rCold    + . .     Gourm    .   c - +2 shield
rNeg     + . .     Faith    .   b - +1 plate armour
rPois    +         Spirit   +   V - +1 hat
rElec    .         Reflect  .   T - +2 cloak {rPois}
rCorr    +         Harm     .   I - +0 pair of gloves of the Vacuum {rCorr Dex+5}
MR       +....                  s - +1 pair of boots of Cateru {rF- rC+ rN+ Str+3}
Stlth    ..........             Y - amulet of Veboud {Spirit +Fly Str+3}
HPRegen  0.34/turn              J - ring of flight
MPRegen  0.14/turn              (no ring)

@: no status effects
A: retaliatory headbutt, horns 2
a: Heroism, Finesse, Renounce Religion, Evoke Flight


You were on level 2 of the Lair of Beasts.
You worshipped Okawaru.
Okawaru was exalted by your worship.
You were not hungry.

You visited 6 branches of the dungeon, and saw 26 of its levels.
You also visited: Sewer, Ossuary and Bailey.

You collected 2594 gold pieces.
You spent 285 gold pieces at shops.

Inventory:

Hand Weapons
 a - a +2 demon blade of venom
 i - a +3 scimitar of flaming (weapon)
 x - a +5 long sword
 C - the +3 hand crossbow of Faammov {velocity, rPois}
   (You took it off a kobold in a bailey)

   Any bolt fired from it inflicts extra damage.
   It protects you from poison.
Missiles
 H - 80 bolts
Armour
 b - a +1 plate armour (worn)
 c - a +2 shield (worn)
 s - the +1 pair of boots of Cateru (worn) {rF- rC+ rN+ Str+3}
   (Okawaru gifted it to you on level 5 of the Lair of Beasts)

   It affects your strength (+3).
   It makes you vulnerable to fire.
   It protects you from cold.
   It protects you from negative energy.
 I - the +0 pair of gloves of the Vacuum (worn) {rCorr Dex+5}
   (You found it on level 7 of the Dungeon)

   It affects your dexterity (+5).
   It protects you from acid and corrosion.
 T - a +2 cloak of poison resistance (worn)
 V - a +1 hat (worn)
Jewellery
 B - a +3 amulet of reflection
 J - a ring of flight (left hand)
 Y - the amulet of Veboud (around neck) {Spirit +Fly Str+3}
   (You found it on level 3 of the Lair of Beasts)

   [amulet of guardian spirit]

   It causes incoming damage to be split between your health and magic.
   It affects your strength (+3).
   It lets you fly.
Wands
 j - a wand of iceblast (5)
 o - a wand of digging (3)
Scrolls
 e - 6 scrolls of remove curse
 g - a scroll of fear
 k - 4 scrolls of blinking
 l - 2 scrolls of identify
 q - 12 scrolls of teleportation
 v - a scroll of amnesia
 w - a scroll of silence
 y - a scroll of noise {unknown}
 D - a scroll of fog
 L - a scroll of enchant weapon
 M - 2 scrolls of vulnerability {unknown}
 N - a scroll of torment {unknown}
 S - a scroll of holy word {unknown}
Potions
 d - 7 potions of might
 h - 3 potions of haste
 m - 8 potions of flight
 n - 6 potions of curing
 p - a potion of heal wounds
 r - a potion of berserk rage
 t - 3 potions of agility
 u - 2 potions of mutation
 F - 2 potions of cancellation
 G - a potion of invisibility
Comestibles
 f - 43 rations


   Skills:
 + Level 15.4 Fighting
 + Level 17.0 Long Blades
 + Level 15.0 Armour
 + Level 4.7 Dodging
 + Level 1.6 Stealth
 + Level 19.6 Shields
 + Level 0.6 Invocations
 + Level 0.4 Evocations


You had 15 spell levels left.
You didn't know any spells.

Dungeon Overview and Level Annotations

Branches:
Dungeon (15/15)            Temple (1/1) D:6            Lair (6/6) D:11
  Swamp (1/4) Lair:3       Spider (1/4) Lair:3        Slime (0/5) Lair:5
    Orc (2/2) D:11            Elf (0/3) Orc:2        Vaults (0/5) D:14
 Depths (0/5) D:15

Altars:
Ashenzari
Cheibriados
Dithmenos
Elyvilon
Fedhas
Gozag
Hepliaklqana
Kikubaaqudgha
Makhleb
Nemelex Xobeh
Okawaru
Qazlal
Ru
Sif Muna
Trog
Uskayaw
Vehumet
Wu Jian
Xom
Yredelemnul
Zin
The Shining One

Shops:
D:6 *   D:7 ?   D:8 (   D:11 [   D:15 !   Orc:2 %:(?

Portals:
Pandemonium: Orc:2


Innate Abilities, Weirdness & Mutations

You reflexively headbutt those who attack you in melee.
You have a pair of horns on your head.


Message History

The alligator is lightly wounded.
You block the alligator's attack. x2
Unknown command.
You hit the alligator. You burn the alligator.
Your headbutt misses the alligator.
The alligator is lightly wounded.
The alligator bites you!
* * * LOW HITPOINT WARNING * * *
You block the alligator's attack.
You hit the alligator. You burn the alligator.
The alligator is lightly wounded.
You hit the alligator but do no damage.
The alligator is lightly wounded.
The alligator bites you.
* * * LOW HITPOINT WARNING * * *
The alligator tail-slaps you but does no damage.
You barely miss the alligator.
The alligator is lightly wounded.
The alligator bites you!
You die...

##............
#..........#..
##......##...P
##........)...#
###..............
#....#...##...#..
#####.......†#.##....
#....t..#†.†.........
######...@##...........##.
#....#....#..#.####.......
##...#.....#P...# #.#......
#P.........#..### ###......
#..P...#..P...# ####.......
####........P.###.........#
#.....##...##......##..#
#..........P.).....##...
#####..............##...


You could see an alligator.

Vanquished Creatures
  Rupert (D:14)
  Azrael (D:14)
  The ghost of mrdizzer the Fighter, a journeyman GrFi of Elyvilon (D:10)
  Josephine (Spider:1)
  Fannar (Orc:1)
  4 hydras
  A yaktaur captain (D:15)
  Erica (D:9)
  An alligator (Lair:3)
  2 dancing weapons (D:14)
  A merfolk avatar (Lair:6)
  2 centaur warriors
  9 two-headed ogres
  The ghost of mrdizzer the Gargoyle Catastrophe, a journeyman GrFi of Qazlal (D:9)
  7 orc high priests (Orc:2)
  Urug (Lair:4)
  Sonja (D:10)
  9 skeletal warriors
  A sea snake (Lair:6)
  A sixfirhy (Orc:2)
  An unseen horror (D:11)
  A torturous demonspawn (Orc:2)
  2 infernal demonspawn (Orc:2)
  A wizard (D:14)
  2 harpies (Lair:6)
  36 ugly things
  3 orb spiders (Spider:1)
  5 orc knights
  A wolf spider zombie (D:15)
  5 oklob plants (Lair:5)
  5 orc sorcerers (Orc:2)
  7 wolf spiders
  3 manticores
  A moth of wrath (Spider:1)
  5 black mambas
  23 elephants
  2 gargoyles
  An orange demon (Orc:2)
  11 spiny frogs
  A yaktaur (D:15)
  2 demonic crawlers (Lair:3)
  An efreet (D:15)
  3 komodo dragons
  6 rime drakes
  2 hellwings (Orc:2)
  2 kobold demonologists (D:12)
  8 jumping spiders
  6 meliai
  A wind drake (Lair:6)
  A queen bee (Spider:1)
  A merfolk (shapeshifter) (D:13)
  6 polar bears (Lair:6)
  6 trolls
  7 dream sheep
  7 blink frogs
  4 slime creatures (D:13)
  A harpy skeleton (D:14)
  24 hippogriffs
  5 wraiths
  5 tarantellas
  12 redbacks
  14 wyverns
  3 vampires
  Sigmund (D:4)
  7 fire elementals
  4 hogs (D:9)
  A human (D:9)
  12 yaks
  A hungry ghost (D:8)
  8 basilisks
  6 vampire mosquitoes
  4 wargs
  Menkaure (D:6)
  A soldier ant (D:12)
  5 swamp worms (Lair:3)
  An acid dragon (D:14)
  2 hell hounds (D:14)
  6 porcupines
  12 water moccasins
  33 orc warriors
  3 ice beasts
  2 phantoms
  An eye of draining (D:13)
  3 black bears
  2 necrophages
  2 sky beasts
  10 ogres
  15 wolves
  8 centaurs
  3 big kobolds
  9 crocodiles
  20 bullfrogs
  12 scorpions
  23 killer bees
  2 electric eels
  4 wights (D:11)
  2 howler monkeys (D:14)
  3 crimson imps
  2 centaur zombies
  2 quasits
  5 jellies
  10 hounds
  2 human zombies (Ossuary)
  22 orc priests
  5 centaur skeletons
  6 bullfrog skeletons
  2 iguanas
  Terence (D:2)
  16 orc wizards
  9 worker ants
  4 big kobold zombies (Ossuary)
  3 mummies (Ossuary)
  Robin (D:3)
  19 gnolls
  4 scorpion zombies (Ossuary)
  11 adders
  A river rat (Sewer)
  A shadow imp (D:15)
  3 oozes
  2 adder skeletons (D:4)
  An adder zombie (D:9)
  2 worms
  2 dart slugs
  6 leopard geckos
  72 orcs
  10 bats
  8 giant cockroaches
  22 goblins
  16 hobgoblins
  11 jackals
  6 quokkas
  5 ball pythons
  4 frilled lizards
  2 goblin zombies (Ossuary)
  2 hobgoblin zombies (Ossuary)
  41 kobolds
  A kobold zombie (Ossuary)
  3 orc zombies (Ossuary)
  10 rats
874 creatures vanquished.

Vanquished Creatures (others)
  A jumping spider (Spider:1)
  A centaur (D:8)
  A bullfrog (Lair:5)
  3 killer bees (Spider:1)
  A kobold (D:10)
  2 fungi
  7 plants
16 creatures vanquished.

Grand Total: 890 creatures vanquished

Notes
Turn   | Place    | Note
-------+----------+-------------------------------------------
     0 | D:1      | Peloso the Minotaur Fighter began the quest for the Orb.
     0 | D:1      | Reached XP level 1. HP: 19/19 MP: 0/0
   209 | D:1      | Reached XP level 2. HP: 27/27 MP: 1/1
   211 | D:1      | Reached skill level 4 in Shields
   393 | D:1      | Reached XP level 3. HP: 32/33 MP: 2/2
  1093 | D:2      | Noticed Terence
  1105 | D:2      | Killed Terence
  1105 | D:2      | Reached XP level 4. HP: 20/41 MP: 3/3
  2141 | D:3      | Reached XP level 5. HP: 44/47 MP: 4/4
  2591 | D:4      | Noticed Sigmund
  2604 | D:4      | Killed Sigmund
  2604 | D:4      | Reached skill level 5 in Armour
  2604 | D:4      | Reached skill level 5 in Shields
  2604 | D:4      | Reached XP level 6. HP: 4/53 MP: 5/5
  2608 | D:4      | Reached skill level 5 in Long Blades
  3028 | D:4      | Reached skill level 5 in Fighting
  3047 | D:4      | Reached XP level 7. HP: 36/61 MP: 6/6
  3229 | D:4      | Reached skill level 1 in Dodging
  3370 | D:4      | Noticed Robin
  3402 | D:3      | Killed Robin
  3402 | D:3      | Reached skill level 6 in Shields
  3578 | D:5      | Entered Level 5 of the Dungeon
  3640 | D:5      | Found a glowing drain.
  3672 | Sewer    | Entered a sewer
  3769 | Sewer    | Found a white marble altar of Elyvilon.
  4861 | D:6      | Reached XP level 8. HP: 57/69 MP: 7/7
  5403 | D:6      | Reached skill level 7 in Shields
  5405 | D:6      | Found Iruifiamo's Assorted Antiques.
  6213 | D:6      | Found a staircase to the Ecumenical Temple.
  6238 | Temple   | Entered the Ecumenical Temple
  6408 | Temple   | Became a worshipper of Warmaster Okawaru
  6576 | D:6      | Noticed Menkaure
  6584 | D:6      | Killed Menkaure
  7137 | D:7      | Reached XP level 9. HP: 38/78 MP: 8/8
  7158 | D:7      | Reached skill level 8 in Shields
  7185 | D:7      | Found a sand-covered staircase.
  7443 | Ossuary  | Entered an ossuary
  7480 | Ossuary  | Reached * piety under Okawaru
  7935 | D:7      | Reached skill level 10 in Long Blades
  8404 | D:7      | Found Uzack's Magic Scroll Boutique.
  8425 | D:7      | Reached skill level 9 in Shields
  8543 | D:7      | Got a pair of polished gloves
  8549 | D:7      | Identified the cursed +0 pair of gloves of the Vacuum {rCorr Dex+5} (You found it on level 7 of the Dungeon)
  9069 | D:8      | Reached ** piety under Okawaru
  9177 | D:8      | Noticed a two-headed ogre
  9229 | D:8      | Killed a two-headed ogre
  9229 | D:8      | Reached *** piety under Okawaru
  9229 | D:8      | Reached XP level 10. HP: 48/86 MP: 6/9
  9364 | D:8      | Reached skill level 10 in Shields
  9507 | D:8      | Found Ocutyune's Antique Weapon Shop.
 10103 | D:9      | Noticed Erica
 10115 | D:9      | Noticed mrdizzer's ghost (journeyman GrFi)
 10119 | D:9      | Killed Erica
 10171 | D:9      | Killed mrdizzer's ghost
 10171 | D:9      | Reached **** piety under Okawaru
 10211 | D:9      | Found a shimmering altar of Xom.
 10277 | D:9      | Noticed a centaur warrior
 10287 | D:9      | Killed a centaur warrior
 10287 | D:9      | Reached skill level 11 in Shields
 10781 | D:9      | Reached ***** piety under Okawaru
 10892 | D:10     | Entered Level 10 of the Dungeon
 10892 | D:10     | Noticed a two-headed ogre
 10899 | D:10     | Reached XP level 11. HP: 85/95 MP: 10/10
 10905 | D:10     | Killed a two-headed ogre
 11013 | D:10     | Noticed mrdizzer's ghost (journeyman GrFi)
 11014 | D:10     | Noticed Sonja
 11057 | D:10     | Killed mrdizzer's ghost
 11062 | D:10     | Killed Sonja
 11649 | D:10     | Noticed a two-headed ogre
 11661 | D:10     | Killed a two-headed ogre
 12121 | D:11     | Noticed a two-headed ogre
 12125 | D:11     | Killed a two-headed ogre
 12125 | D:11     | Reached skill level 12 in Shields
 12194 | D:11     | Noticed a two-headed ogre
 12201 | D:11     | Killed a two-headed ogre
 12201 | D:11     | Received a gift from Okawaru
 12345 | D:11     | Noticed a two-headed ogre
 12350 | D:11     | Killed a two-headed ogre
 12380 | D:11     | Received a gift from Okawaru
 12428 | D:11     | Found a staircase to the Lair.
 12474 | D:11     | Killed an unseen horror
 12716 | D:11     | Found a staircase to the Orcish Mines.
 12850 | D:11     | Found a sacrificial altar of Ru.
 12888 | D:11     | Found Misot's Antique Armour Shoppe.
 12929 | D:11     | Bought a pitted chain mail for 285 gold pieces
 12942 | D:11     | Identified the +7 chain mail of Cougrack {rPois rF+ Str-4} (You bought it in a shop on level 11 of the Dungeon)
 13053 | D:11     | Noticed a brown ugly thing
 13064 | D:11     | Killed a brown ugly thing
 13064 | D:11     | Reached skill level 10 in Armour
 13236 | D:12     | Noticed a skeletal warrior
 13236 | D:12     | Noticed a skeletal warrior
 13237 | D:12     | Noticed a skeletal warrior
 13277 | D:11     | Killed a skeletal warrior
 13277 | D:11     | Reached XP level 12. HP: 60/106 MP: 11/11
 13570 | D:12     | Reached skill level 13 in Shields
 13616 | D:12     | Reached skill level 10 in Fighting
 13616 | D:12     | Reached skill level 1 in Stealth
 13638 | D:12     | Reached ****** piety under Okawaru
 14184 | D:12     | Received a gift from Okawaru
 14192 | D:12     | Got a pitted lajatang {god gift}
 14193 | D:12     | Identified the +5 lajatang of Focus {slice, rN+ Str+4 Dex+7} (Okawaru gifted it to you on level 12 of the Dungeon)
 14550 | Orc:1    | Entered Level 1 of the Orcish Mines
 14738 | Orc:1    | Found a radiant altar of Vehumet.
 14848 | Orc:1    | Noticed Fannar
 14870 | Orc:1    | Killed Fannar
 15270 | Lair:1   | Entered Level 1 of the Lair of Beasts
 15276 | Lair:1   | Reached skill level 14 in Shields
 15384 | Lair:1   | Got a translucent war axe
 15585 | Lair:2   | Noticed a seven-headed hydra
 15598 | Lair:2   | Killed a three-headed hydra
 16047 | Lair:3   | Noticed a four-headed hydra
 16054 | Lair:3   | Killed a one-headed hydra
 16054 | Lair:3   | Reached XP level 13. HP: 113/116 MP: 12/12
 16057 | Lair:3   | Received a gift from Okawaru
 16124 | Lair:3   | Found a hole to the Spider Nest.
 16437 | Lair:3   | Reached skill level 15 in Long Blades
 16592 | Lair:3   | Reached skill level 15 in Shields
 16629 | Lair:3   | Got a flickering sapphire amulet
 16631 | Lair:3   | Identified the amulet of Veboud {Spirit +Fly Str+3} (You found it on level 3 of the Lair of Beasts)
 16733 | Lair:3   | Found a staircase to the Swamp.
 17586 | Lair:4   | Noticed Urug
 17604 | Lair:4   | Killed Urug
 18135 | Lair:5   | Received a gift from Okawaru
 18472 | Lair:5   | Got a pair of spiked boots {god gift}
 18478 | Lair:5   | Identified the +1 pair of boots of Cateru {rF- rC+ rN+ Str+3} (Okawaru gifted it to you on level 5 of the Lair of Beasts)
 18889 | Lair:5   | Reached skill level 16 in Shields
 18926 | Lair:5   | Found a staircase to the Slime Pits.
 19500 | Lair:6   | Entered Level 6 of the Lair of Beasts
 19866 | Lair:6   | Reached XP level 14. HP: 106/127 MP: 11/13
 20701 | Lair:6   | Received a gift from Okawaru
 21050 | Lair:6   | Reached skill level 17 in Shields
 21490 | Orc:2    | Entered Level 2 of the Orcish Mines
 21689 | Orc:2    | Found Budommau's Distillery.
 22086 | Orc:2    | Found Juac's Food Shoppe.
 22619 | Orc:2    | Received a gift from Okawaru
 22731 | Orc:2    | Found Sotzasi's Antique Weapon Shop.
 22731 | Orc:2    | Found Nuompar's Book Boutique.
 22732 | Orc:2    | Found a one-way gate leading to the halls of Pandemonium.
 23064 | Orc:2    | Found Hain's Magic Scroll Shop.
 23117 | Orc:2    | Found a staircase to the Elven Halls.
 23395 | D:13     | Reached XP level 15. HP: 135/137 MP: 14/14
 23945 | D:13     | Reached skill level 18 in Shields
 24808 | D:14     | Found a gate to the Vaults.
 24808 | D:14     | Received a gift from Okawaru
 24942 | D:14     | Found a flagged portal.
 24989 | D:14     | Got a slimy hand axe
 25127 | Bailey   | Entered a bailey
 25292 | Bailey   | Got a shimmering hand crossbow
 25311 | Bailey   | Identified the +3 hand crossbow of Faammov {velocity, rPois} (You took it off a kobold in a bailey)
 25570 | D:14     | Noticed Azrael
 25578 | D:14     | Killed Azrael
 25770 | D:14     | Received a gift from Okawaru
 25864 | D:14     | Got a jewelled glaive {god gift}
 25865 | D:14     | Identified the +1 glaive "Lepar" {chop, rElec MR- Int+7 Stlth+} (Okawaru gifted it to you on level 14 of the Dungeon)
 26066 | D:14     | Noticed Rupert
 26086 | D:14     | Killed Rupert
 26722 | D:15     | Entered Level 15 of the Dungeon
 26929 | D:14     | Reached skill level 19 in Shields
 27093 | D:15     | Reached skill level 15 in Fighting
 27689 | D:15     | Found Pel Meipt's Distillery.
 28707 | D:15     | Reached XP level 16. HP: 145/149 MP: 15/15
 28711 | D:15     | Found a staircase to the Depths.
 28738 | D:15     | Received a gift from Okawaru
 28742 | D:15     | Got a scorched double sword {god gift}
 28743 | D:15     | Identified the +1 double sword of the Volcano {freeze, rN++ Int+3 Dex-5} (Okawaru gifted it to you on level 15 of the Dungeon)
 28977 | Lair:1   | Identified the +7 hand axe "Yseoskic" {elec, *Slow rN+ MP+9 Dex+3} (You found it on level 14 of the Dungeon)
 29070 | Spider:1 | Entered Level 1 of the Spider Nest
 30034 | Spider:1 | Reached skill level 15 in Armour
 30362 | Spider:1 | Noticed Josephine
 30373 | Spider:1 | Killed Josephine
 30698 | Swamp:1  | Entered Level 1 of the Swamp
 30769 | Lair:2   | HP: 5/149 [alligator[an alligator] (9)]
 30772 | Lair:2   | Mangled by an alligator

Skill      XL: |  1  2  3  4  5  6  7  8  9 10 11 12 13 14 15 16 |
---------------+-------------------------------------------------+-----
Shields        | 4 5 6 7 9 11 12 14 16 17 19 | 19.6
Fighting       | 4 5 6 7 8 9 11 12 13 15 | 15.4
Armour         | 4 5 6 8 9 10 11 12 13 14 15 | 15.0
Long Blades    | 3 4 5 7 9 10 12 13 14 15 16 17 | 17.0
Dodging        | 1 2 3 4 |  4.7
Stealth        | 1 |  1.6
Invocations    | |  0.6
Evocations     | |  0.4

Action                   |  1- 3 |  4- 6 |  7- 9 | 10-12 | 13-15 | 16-18 || total
-------------------------+-------+-------+-------+-------+-------+-------++-------
Melee: Long sword        |    89 |   155 |   544 |    80 |    98 |       ||   966
       Headbutt          |    12 |    25 |   123 |   201 |   473 |    74 ||   908
       Scimitar          |       |       |       |   555 |  1265 |    67 ||  1887
       Demon blade       |       |       |       |       |       |   131 ||   131
Invok: Heroism           |       |       |     1 |     1 |     1 |     1 ||     4
Evoke: Wand              |       |       |       |       |    10 |       ||    10
  Use: Potion            |       |     1 |     4 |     2 |     2 |     1 ||    10
       Scroll            |       |       |     9 |    10 |     7 |     1 ||    27
  Eat: Chunk             |       |     7 |    17 |    19 |    34 |     8 ||    85
       Ration            |       |       |     1 |     1 |     2 |       ||     4
Armor: Scale mail        |    56 |     2 |       |       |       |       ||    58
       Chain mail        |       |    83 |    49 |       |       |       ||   132
       Plate armour      |       |       |   178 |   241 |   775 |   223 ||  1417
Dodge: Dodged            |    46 |    45 |   108 |   132 |   439 |   152 ||   922
       Deflected         |       |       |       |       |     3 |       ||     3
Block: Shield            |    52 |    86 |   326 |   499 |  1141 |   331 ||  2435
       Reflection        |       |       |     4 |    23 |       |       ||    27
       Rpst.: Long sword |    10 |     8 |    26 |     6 |     4 |       ||    54
       Scimitar          |       |       |       |    33 |    78 |     8 ||   119
       Demon blade       |       |       |       |       |       |    13 ||    13
